 Dungeon Crawl Stone Soup version 0.29.1-1-gd02db6906a (webtiles) character file.

Game seed: 3864505367786963179

5004 Ashen the Conjurer (level 10, -7/73 HPs)
             Began as a Demonspawn Fire Elementalist on Oct 12, 2022.
             Was a Follower of Vehumet.
             Mangled by a death yak (15 damage)
             ... on level 8 of the Dungeon.
             The game lasted 00:29:47 (10360 turns).

Ashen the Conjurer (Demonspawn Fire Elementalist)  Turns: 10360, Time: 00:29:47

Health: -7/73      AC: 10    Str:  8    XL:     10   Next: 29%
Magic:  18/20      EV: 16    Int: 27    God:    Vehumet [*.....]
Gold:   522        SH:  0    Dex: 14    Spells: 11/22 levels left

rFire   + . .      SeeInvis .   j - +4 short sword (venom)
rCold   . . .      Faith    .   (no shield)
rNeg    . . .      Spirit   .   K - +2 leather armour {rF+}
rPois   .          Reflect  .   (helmet restricted)
rElec   .          Harm     .   e - +0 cloak
rCorr   .          Rampage  .   D - +0 pair of gloves
Will    +....                   L - +2 pair of boots
Stlth   +++.......              B - amulet of magic regeneration
HPRegen 0.22/turn               m - ring of willpower
MPRegen 0.57/turn               u - +6 ring of intelligence

@: no status effects
A: horns 2, repulsion field 2, powered by pain 2
a: Renounce Religion


You were on level 8 of the Dungeon.
You worshipped Vehumet.
Vehumet was aware of your devotion.
You visited 2 branches of the dungeon, and saw 10 of its levels.
You also visited: Ossuary.

You collected 733 gold pieces.
You spent 211 gold pieces at shops.

Inventory:

Hand Weapons
 f - a +2 spear of pain
 j - a +4 short sword of venom (weapon)
Missiles
 r - 2 throwing nets
 y - 5 javelins
Armour
 e - a +0 cloak (worn)
 D - a +0 pair of gloves (worn)
 K - a +2 leather armour of fire resistance (worn)
 L - a +2 pair of boots (worn)
Magical Staves
 c - a staff of air
Jewellery
 m - a ring of willpower (left hand)
 u - a +6 ring of intelligence (right hand)
 B - an amulet of magic regeneration (around neck)
 F - a ring of poison resistance
Wands
 a - a wand of flame (12)
 q - a wand of roots (2)
Scrolls
 h - 5 scrolls of brand weapon {unknown}
 n - 3 scrolls of poison {unknown}
 o - a scroll of blinking {unknown}
 p - 3 scrolls of immolation
 s - 4 scrolls of teleportation {unknown}
 t - a scroll of summoning
 v - a scroll of fear {unknown}
 z - a scroll of magic mapping
 A - a scroll of amnesia {unknown}
 C - a scroll of vulnerability {unknown}
 J - 3 scrolls of torment {unknown}
 M - a scroll of enchant armour {unknown}
 N - a scroll of identify
Potions
 b - a potion of magic
 d - 2 potions of lignification
 g - a potion of resistance
 i - 3 potions of brilliance
 k - 2 potions of haste
 l - 2 potions of cancellation
 w - 5 potions of flight {unknown}
 x - 8 potions of curing
 E - a potion of invisibility
 G - 3 potions of heal wounds {unknown}
 H - a potion of berserk rage {unknown}
 I - a potion of mutation {unknown}


   Skills:
 + Level 4.9 Fighting
 + Level 5.0 Dodging
 - Level 5.0 Stealth
 * Level 6.9 Spellcasting
 * Level 7.3 Conjurations
 * Level 7.1 Fire Magic


You had 11 spell levels left.
You knew the following spells:

 Your Spells              Type           Power      Damage    Failure   Level
a - Foxfire               Conj/Fire      100%       2x1d9     1%          1
b - Scorch                Fire           96%        2d10      1%          2
c - Flame Wave            Conj/Fire      48%        2d12      4%          4
d - Sticky Flame          Conj/Fire      48%        2d7       4%          4

Your spell library contained the following spells:

 Spells                   Type           Power      Damage    Failure   Level
 Freeze                   Ice            36%        1d6       9%          1
 Conjure Flame            Conj/Fire      48%        6-21      1%          3
 Static Discharge         Conj/Air       29%        3-7/arc   3%          2
 Dazzling Flash           Conj/Hex       58%        N/A       6%          3
 Inner Flame              Hex/Fire       28%        N/A       6%          3
 Apportation              Tloc           18%        N/A       9%          1
 Necrotise                Necr           36%        1d5       9%          1
 Summon Small Mammal      Summ           36%        N/A       9%          1
 Dispel Undead            Necr           9%         3d8       65%         4
 Agony                    Necr           9%         N/A       94%         5
 Alistair's Intoxication  Tmut/Pois      6%         N/A       94%         5
 Silence                  Hex/Air        4%         N/A       94%         5


Dungeon Overview and Level Annotations

Branches:
Dungeon (9/15)             Temple (1/1) D:7            Lair (0/5) D:9
Ossuary (visited)
    Orc: D:9-12

Altars:
Ashenzari
Cheibriados
Dithmenos
Fedhas
Hepliaklqana
Kikubaaqudgha
Makhleb
Nemelex Xobeh
Okawaru
Qazlal
Sif Muna
Uskayaw
Vehumet
Wu Jian
Yredelemnul

Shops:
D:5 *   D:6 [[?(!

Annotations:
D:8 Erica


Innate Abilities, Weirdness & Mutations

You have a pair of horns on your head.
You are surrounded by a moderate repulsion field. (EV +3)
You sometimes gain power by taking damage.


Message History

Flames lash the death yak.
The death yak is severely wounded.
The death yak's fire resistance burns away.
The foxfire hits the death yak.
The death yak is burned terribly!
The death yak is severely wounded.
The foxfire hits the death yak.
The death yak is almost dead.
The death yak gores you!!
* * * LOW HITPOINT WARNING * * *
You focus on the pain.
You feel your power returning.
Aiming: Fastroot
Press: ? - help, Shift-Dir - straight line The roots erupt in riotous growth!
Roots grab the death yak.
The grasping roots constrict the death yak.
The death yak misses you.
The grasping roots constrict the death yak.
The roots release their grip on the death yak.
The death yak is no longer more vulnerable to fire.
There is an open door here.
Press: ? - help, v - describe, . - travel
Here: a death yak (almost dead)
The floor.
You feel better. The death yak gores you.
* * * LOW HITPOINT WARNING * * *
Casting: Scorch (safe; 1% risk of failure)
Confirm with . or Enter, or press ? or * to list all spells.
You conjure some foxfire!
The death yak gores you!
* * * LOW HITPOINT WARNING * * *
Casting: Foxfire (safe; 1% risk of failure)
Confirm with . or Enter, or press ? or * to list all spells.
Flames lash the death yak.
The death yak is almost dead.
The death yak's fire resistance burns away.
The foxfire hits the death yak but does no damage.
The death yak is almost dead.
The death yak gores you.
* * * LOW HITPOINT WARNING * * *
The death yak attacks as you move away! The death yak gores you!
You die...

#....#........#............##...
#....#..).....#.................
#....#.......(#....[............
#####.###.###.###..##.###...###..
.########+###.###..##.###...###..
............'...#..#.............
............#...#.(#.<...........
............#..>#ยง.#.............
............#..Y@v.'........[....
............#...#..#.............
.####.###..##..##..######'##.....
(####.####+######'#######.#######
)).....#.......#.....#.....#
.......#.......#.....#.....#
.......#.......#.....#.....#
.......#.......+.....#.....#
.......#.......#.....#.....#


You could see a death yak (combustible, ally target).

Vanquished Creatures
  An ugly thing (D:9)
  Maggie (D:8)
  A hornet (D:8)
  Sigmund (D:3)
  A wraith (D:9)
  A wyvern (D:8)
  3 yaks (D:9)
  A steam dragon (D:9)
  2 orc warriors
  A black bear (D:6)
  3 ice beasts
  A sky beast (D:6)
  2 centaurs
  A phantom (D:7)
  Blork the orc (D:6)
  5 bullfrogs
  2 kobold brigands
  6 scorpions
  2 elf zombies (D:7)
  An elf skeleton (D:7)
  3 howler monkeys
  A gnoll bouda (D:8)
  A human zombie (D:7)
  3 hounds
  8 orc priests
  3 iguanas
  8 orc wizards
  8 mummies (Ossuary)
  12 gnolls
  6 adders
  A white imp (D:6)
  A worm (D:3)
  3 dart slugs
  31 orcs
  10 ball pythons
  7 bats
  5 endoplasms
  A giant cockroach (D:1)
  6 goblins
  4 hobgoblins
  5 jackals
  19 kobolds
  2 quokkas
  4 frilled lizards
  5 hobgoblin zombies (Ossuary)
  A kobold zombie (Ossuary)
  An orc skeleton (D:7)
  3 orc zombies
  7 rats
206 creatures vanquished.

Vanquished Creatures (collateral kills)
  A foxfire (D:9)
1 creature vanquished.

Vanquished Creatures (others)
  747 foxfires
  5 plants (D:5)
752 creatures vanquished.

Grand Total: 959 creatures vanquished

Notes
Turn   | Place    | Note
-------+----------+-------------------------------------------
     0 | D:1      | Ashen the Demonspawn Fire Elementalist began the quest for
                  | the Orb.
     0 | D:1      | Reached XP level 1. HP: 13/13 MP: 3/3
    12 | D:1      | Found a faded altar of an unknown god.
   144 | D:1      | Gained mutation: You are surrounded by a mild repulsion
                  | field. (EV +2) [demonic ancestry]
   144 | D:1      | Reached XP level 2. HP: 12/20 MP: 0/5
   706 | D:1      | Gained mutation: You sometimes gain a little power by
                  | taking damage. [demonic ancestry]
   706 | D:1      | Reached XP level 3. HP: 22/25 MP: 2/6
   709 | D:1      | Learned a level 2 spell: Scorch
  1147 | D:2      | Reached skill level 1 in Fighting
  1818 | D:3      | Noticed Sigmund
  1979 | D:3      | Gained mutation: You sometimes gain power by taking damage.
                  | [demonic ancestry]
  1979 | D:3      | Reached XP level 4. HP: 19/32 MP: 7/7
  2447 | D:3      | Gained mutation: You have a pair of small horns on your
                  | head. [demonic ancestry]
  2447 | D:3      | Reached XP level 5. HP: 5/37 MP: 0/9
  2785 | D:3      | Learned a level 4 spell: Flame Wave
  2796 | D:3      | Killed Sigmund
  2797 | D:3      | Gained mutation: You have a pair of horns on your head.
                  | [demonic ancestry]
  2797 | D:3      | Reached XP level 6. HP: 27/44 MP: 2/10
  4373 | D:4      | Learned a level 4 spell: Sticky Flame
  4449 | D:4      | Reached XP level 7. HP: 50/50 MP: 9/12
  5031 | D:5      | Entered Level 5 of the Dungeon
  5079 | D:5      | Found a stormy altar of Qazlal.
  5092 | D:5      | Found a snail-covered altar of Cheibriados.
  5614 | D:5      | Found Siacuota's Assorted Antiques.
  5639 | D:5      | Bought a scroll of identify for 52 gold pieces
  5639 | D:5      | Bought a dark potion for 23 gold pieces
  5639 | D:5      | Bought a scroll labelled FEYWURR ABIL for 26 gold pieces
  6133 | D:6      | Found Lanox's Armour Boutique.
  6229 | D:6      | Found Ziopsir's Antique Weapon Shop.
  6353 | D:6      | Reached XP level 8. HP: 56/57 MP: 11/14
  6383 | D:6      | Found Nurchaud's Distillery.
  6392 | D:6      | Bought a potion of invisibility for 80 gold pieces
  6392 | D:6      | Bought a potion of curing for 30 gold pieces
  6529 | D:6      | Noticed Blork the orc
  6551 | D:6      | Killed Blork the orc
  6552 | D:6      | Reached skill level 5 in Fire Magic
  6729 | D:6      | Found Omiyf's Magic Scroll Boutique.
  6811 | D:6      | Found Kaygicoo's Armour Shoppe.
  6903 | D:6      | Reached skill level 5 in Spellcasting
  6903 | D:6      | Reached skill level 5 in Conjurations
  7305 | D:7      | Found a sand-covered staircase.
  7392 | Ossuary  | Entered an ossuary
  7515 | Ossuary  | Reached XP level 9. HP: 64/64 MP: 17/17
  7783 | D:7      | Found a staircase to the Ecumenical Temple.
  7793 | Temple   | Entered the Ecumenical Temple
  7917 | Temple   | Became a worshipper of Vehumet
  8287 | D:8      | Noticed Maggie
  8883 | D:8      | Noticed Erica
  9025 | D:9      | Reached * piety under Vehumet
  9025 | D:9      | Offered knowledge of Freeze by Vehumet.
  9075 | D:9      | Noticed a death yak
  9105 | D:9      | Noticed a death yak
  9181 | D:9      | Reached skill level 5 in Stealth
  9244 | D:9      | Noticed a cyan ugly thing
  9601 | D:8      | Killed Maggie
  9602 | D:8      | Gained mutation: You are surrounded by a moderate repulsion
                  | field. (EV +3) [demonic ancestry]
  9602 | D:8      | Reached XP level 10. HP: 73/73 MP: 13/19
  9787 | D:9      | Noticed a death yak
  9846 | D:9      | Found a staircase to the Lair.
 10166 | D:9      | Found a burning altar of Makhleb.
 10177 | D:9      | Killed a cyan ugly thing
 10178 | D:9      | Reached skill level 5 in Dodging
 10360 | D:8      | Mangled by a death yak

Illustrated notes

Levels and vault maps discovered:
D:1:      roderic_octagonal_star, layout_rooms,
          dreamdust_ecumenical_altar_statues, minmay_statues_item
D:2:      layout_loops_cross, chequers_decorated_corner
D:3:      layout_basic, chequers_serial_rivers_micro_a, uniq_sigmund
D:4:      layout_basic, serial_co_window_serial, co_window_corner_a,
          co_window_cross_1, co_window_corner_a, co_window_cross_1,
          co_window_corner_a, co_window_paths_c, co_window_of_opportunity_c,
          co_window_broadway_b, co_window_broadway_c, co_window_cross_2,
          co_window_4corner_a, co_window_4corner_b, glass_columns_b,
          glass_columns_c, glass_columns_c
D:5:      layout_cave_pools, cheibriados_altar_1, grunt_qazlal_sundering,
          serial_shops, shop, minivault_25, serial_bayou_pond_a
D:6:      layout_loops_ring, serial_shops, nicolae_shop_waterfront, shop_statue,
          shop, nicolae_shop_temple_entry_statues_fountains,
          nicolae_stop_n_shop_2, uniq_blork_the_orc
D:7:      layout_rooms, minmay_temple_entry_large_hall,
          nicolae_ossuary_entry_catacombs
D:8:      layout_gridville, uniq_maggie, uniq_erica
D:9:      layout_loops_ring, old_standard_altar, lemuel_doored_altar,
          dpeg_lair_monsters
Temple:   nicolae_temple_two_arcs

Skill      XL: |  1  2  3  4  5  6  7  8  9 10 |
---------------+-------------------------------+-----
Dodging        | 2 3 4 5 |  5.0
Stealth        | 2 3 4 5 |  5.0
Fighting       | 1 2 3 4 |  4.9
Fire Magic     | 3 4 5 6 7 |  7.1
Conjurations   | 2 3 4 5 6 7 |  7.3
Spellcasting   | 3 4 5 6 |  6.9

Action                   |  1- 3 |  4- 6 |  7- 9 | 10-12 || total
-------------------------+-------+-------+-------+-------++-------
Melee: Unarmed           |    20 |       |       |       ||    20
       Spear             |    12 |       |       |       ||    12
       Short sword       |    57 |    29 |    68 |     4 ||   158
       Punch             |     1 |       |       |       ||     1
       Headbutt          |       |     4 |    11 |       ||    15
 Cast: Foxfire           |    27 |    82 |   253 |    59 ||   421
       Scorch            |       |       |    20 |     7 ||    27
Evoke: Wand              |       |     2 |     3 |     1 ||     6
  Use: Potion            |       |     1 |       |     2 ||     3
       Scroll            |       |     3 |     9 |       ||    12
 Stab: Sleeping          |     9 |     1 |     3 |       ||    13
Armor: Robe              |    19 |     4 |     4 |       ||    27
       Leather armour    |       |       |    26 |     2 ||    28
       Skin              |       |       |       |     5 ||     5
Dodge: Dodged            |    75 |    29 |    97 |    15 ||   216
